 Dungeon Crawl Stone Soup version 0.28-a0-514-g0d7ab7f379 (webtiles) character file.

Game seed: 14916931249767860035

21777 heikuro the Cleaver (level 12, -11/97 HPs)
             Began as a Minotaur Berserker on Sept 23, 2021.
             Was a High Priest of Trog.
             Mangled by a cyclops (26 damage)
             ... on level 12 of the Dungeon.
             The game lasted 00:27:32 (12597 turns).

heikuro the Cleaver (Minotaur Berserker)           Turns: 12597, Time: 00:27:33

Health: -11/97     AC: 10    Str: 31    XL:     12   Next: 57%
Magic:  11/11      EV:  9    Int:  4    God:    Trog [*****.]
Gold:   1059       SH: 19    Dex: 18    Spells: 11/11 levels left

rFire   . . .      SeeInvis .   a - +2 war axe (venom)
rCold   . . .      Faith    .   l - +0 tower shield
rNeg    . . .      Spirit   .   H - +0 chain mail {rPois}
rPois   +          Reflect  .   (helmet restricted)
rElec   .          Harm     .   L - +0 cloak
rCorr   .          Rampage  .   p - +0 pair of gloves
Will    .....                   (no boots)
Stlth   ..........              n - amulet of regeneration
HPRegen 1.26/turn               r - +6 ring of strength
MPRegen 0.12/turn               s - +6 ring of dexterity

@: about to teleport, spiked, corroded, on berserk cooldown, slowed, studying
Short Blades, very slow
A: horns 2, retaliatory headbutt, frail 1, screaming 1
a: Renounce Religion, Berserk, Trog's Hand, Brothers in Arms


You were on level 12 of the Dungeon.
You worshipped Trog.
Trog was extremely pleased with you.
You visited 2 branches of the dungeon, and saw 13 of its levels.
You also visited: Bailey.

You collected 1509 gold pieces.
You spent 450 gold pieces at shops.

Inventory:

Hand Weapons
 a - a +2 war axe of venom (weapon)
 b - a +0 scimitar of flaming
 K - a +4 battleaxe
Missiles
 o - 18 boomerangs (quivered)
 q - 6 curare-tipped darts
 t - 32 poisoned darts
 C - 11 throwing nets
Armour
 l - a +0 tower shield (worn)
 p - a +0 pair of gloves (worn)
 G - a +0 plate armour
 H - a +0 chain mail of poison resistance (worn)
 L - a +0 cloak (worn)
Jewellery
 g - a ring of fire
 n - an amulet of regeneration (around neck)
 r - a +6 ring of strength (left hand)
 s - a +6 ring of dexterity (right hand)
 y - a +4 ring of evasion
Wands
 v - a wand of digging (6)
 A - a wand of acid (10)
 M - a wand of iceblast (10)
 N - a wand of flame (26)
Scrolls
 d - 2 scrolls of fog {unknown}
 e - 3 scrolls of vulnerability
 h - a scroll of enchant armour {unknown}
 i - 5 scrolls of teleportation
 j - a scroll of torment {unknown}
 k - a scroll of acquirement {unknown}
 u - 2 scrolls of magic mapping {unknown}
 w - 3 scrolls of enchant weapon {unknown}
 x - a scroll of blinking {unknown}
 z - a scroll of summoning {unknown}
 D - a scroll of immolation {unknown}
 E - 2 scrolls of identify
Potions
 c - 3 potions of curing
 f - 6 potions of heal wounds
 m - 3 potions of attraction
 B - 2 potions of flight {unknown}
 I - 2 potions of might
 J - a potion of invisibility {unknown}
Miscellaneous
 F - a phantom mirror


   Skills:
 + Level 10.9 Fighting
 + Level 8.6 Short Blades
 * Level 14.5 Axes
 + Level 10.4 Armour
 - Level 4.0 Dodging
 * Level 13.3 Shields


You had 11 spell levels left.
You didn't know any spells.
Your spell library was empty.

Dungeon Overview and Level Annotations

Branches:
Dungeon (12/15)            Temple (1/1) D:5            Lair (0/6) D:10
    Orc (0/2) D:9          Bailey (visited)

Altars:
Ashenzari
Cheibriados
Dithmenos
Elyvilon
Fedhas
Gozag
Hepliaklqana
Kikubaaqudgha
Makhleb
Nemelex Xobeh
Okawaru
Qazlal
Ru
Sif Muna
Trog
Uskayaw
Vehumet
Wu Jian
Xom
Yredelemnul
Zin
The Shining One

Shops:
D:10 =

Annotations:
D:6 eight headed hydra, Edmund


Innate Abilities, Weirdness & Mutations

You have a pair of horns on your head.
You reflexively headbutt those who attack you in melee.
You are frail. (-10% HP)
You occasionally shout uncontrollably at your foes.


Message History

You kill the boulder beetle!
Trog accepts your kill.
The manticore flicks its tail.
You block the volley of spikes.
Unknown command.
You are too berserk!
Unknown command.
The barbs in your skin will harm you if you move.
Continue?
The barbed spikes dig painfully into your body as you move.
* * * LOW HITPOINT WARNING * * *
You block the manticore's attack. x2
The manticore claws you but does no damage.
Unknown command.
You slice the manticore!!
The manticore looks as sick as possible!
You headbutt the manticore!
You kill the manticore!
Trog accepts your kill.
Unknown command.
You start resting.
A cyclops comes into view.
Unknown command.
The barbed spikes dig painfully into your body as you move.
* * * LOW HITPOINT WARNING * * *
You feel a strong urge to attack something.
A centaur warrior comes into view.
The barbed spikes dig painfully into your body as you move.
* * * LOW HITPOINT WARNING * * *
You are no longer berserk.
You are exhausted.
You feel yourself slow down.
The centaur warrior shouts!
You hear a shout!
An eight-headed hydra comes into view.
The cyclops closely misses you. You furiously retaliate!
You headbutt the cyclops!
As you read the scroll of teleportation, it crumbles to dust.
You feel strangely unstable.
The eight-headed hydra roars!
The cyclops hits you!!
You die...

.###.....####.#
..###.........#
#.###....###.#
#.###...###.#
#.###...##.#
#..###...#.#
#...###....#
#....##....##
#.####.@.....#
#...(##C##...#
#...# #.# #....
#..# .#c #...
#.# . .. #..
#.# . ... #.
#.# .( ...D .#
###.


You could see an eight-headed hydra, a centaur warrior and a cyclops.

Vanquished Creatures
  A hydra (D:11)
  2 boulder beetles (D:12)
  Erolcha (D:11)
  Harold (D:11)
  A catoblepas (D:8)
  3 two-headed ogres
  Erica (D:10)
  Sonja (D:11)
  A deep elf pyromancer (D:12)
  3 cyclopes
  An ugly thing (D:12)
  2 manticores (D:12)
  Joseph (D:11)
  A gargoyle (D:12)
  2 kobold demonologists
  2 komodo dragons
  2 trolls
  2 slime creatures
  2 shadows
  A wraith (D:11)
  A vampire (D:10)
  8 yaks
  4 wyverns
  A basilisk (D:10)
  4 vampire mosquitoes (D:11)
  Menkaure (D:4)
  A warg (D:8)
  2 acid dragons
  3 water moccasins
  2 ice beasts
  4 orc warriors
  A black bear (D:6)
  2 necrophages
  An ogre (D:5)
  3 centaurs (D:8)
  2 kobold brigands
  5 bullfrogs
  8 gnoll sergeants (Bailey)
  A wyvern zombie (D:8)
  5 scorpions
  A water moccasin zombie (D:7)
  10 killer bees
  5 wights
  9 howler monkeys
  A bullfrog zombie (D:5)
  6 centaur zombies
  7 gnoll shamans
  13 orc priests
  A centaur skeleton (D:7)
  3 hounds
  3 jellies
  2 bullfrog skeletons
  13 orc wizards
  5 iguanas
  A scorpion zombie (D:5)
  A hound skeleton (D:4)
  A hound zombie (D:5)
  A howler monkey zombie (D:3)
  Robin (D:2)
  17 gnolls
  A howler monkey skeleton (D:7)
  9 adders
  2 ufetubi (D:7)
  3 worms
  3 dart slugs
  40 orcs
  8 endoplasms
  3 giant cockroaches
  14 goblins
  5 hobgoblins
  5 jackals
  13 kobolds
  7 quokkas
  6 ball pythons
  6 bats
  7 frilled lizards
  5 rats (D:3)
328 creatures vanquished.

Vanquished Creatures (others)
  2 bushes (D:10)
  5 fungi (D:10)
  34 plants
41 creatures vanquished.

Grand Total: 369 creatures vanquished

Notes
Turn   | Place    | Note
-------+----------+-------------------------------------------
     0 | D:1      | heikuro the Minotaur Berserker began the quest for the Orb.
     0 | D:1      | Reached XP level 1. HP: 19/19 MP: 0/0
   224 | D:1      | Reached XP level 2. HP: 27/27 MP: 1/1
   246 | D:1      | Reached skill level 4 in Axes
  1079 | D:2      | Reached XP level 3. HP: 28/33 MP: 2/2
  1221 | D:2      | Reached ** piety under Trog
  1565 | D:2      | Reached XP level 4. HP: 38/40 MP: 3/3
  1631 | D:2      | Noticed Robin
  1636 | D:2      | Killed Robin
  1637 | D:2      | Reached skill level 5 in Axes
  2409 | D:3      | Reached XP level 5. HP: 44/47 MP: 4/4
  2794 | D:3      | Found an iron altar of Okawaru.
  2871 | D:3      | Reached XP level 6. HP: 51/55 MP: 5/5
  2904 | D:3      | Reached *** piety under Trog
  3074 | D:3      | Found a sacrificial altar of Ru.
  3074 | D:3      | Found a blossoming altar of Fedhas.
  3155 | D:4      | Found a shimmering altar of Xom.
  3172 | D:4      | Reached skill level 6 in Axes
  3199 | D:4      | Reached skill level 5 in Fighting
  3200 | D:4      | Found an ancient bone altar of Kikubaaqudgha.
  3223 | D:4      | Found a shimmering blue altar of Sif Muna.
  3367 | D:4      | Reached skill level 1 in Shields
  3491 | D:4      | Noticed Menkaure
  3500 | D:4      | Killed Menkaure
  3501 | D:4      | Reached XP level 7. HP: 19/61 MP: 6/6
  3958 | D:5      | Entered Level 5 of the Dungeon
  4038 | D:5      | Reached skill level 7 in Axes
  4286 | D:5      | Reached skill level 5 in Armour
  4298 | D:5      | HP: 2/62 [orc priest (5)]
  4429 | D:5      | Reached XP level 8. HP: 57/70 MP: 7/7
  4777 | D:5      | Found a broken altar of Ashenzari.
  4914 | D:5      | Found a staircase to the Ecumenical Temple.
  4981 | Temple   | Entered the Ecumenical Temple
  5090 | D:5      | Reached skill level 5 in Shields
  5093 | D:5      | Reached skill level 8 in Axes
  5400 | D:6      | Noticed an eight-headed hydra
  5742 | D:7      | Reached **** piety under Trog
  5792 | D:6      | Reached skill level 9 in Axes
  5887 | D:7      | Reached XP level 9. HP: 78/78 MP: 8/8
  5950 | D:6      | Noticed Edmund
  6037 | D:7      | Noticed a komodo dragon
  6188 | D:7      | Killed a komodo dragon
  6395 | D:7      | Reached skill level 10 in Axes
  7410 | D:7      | Reached XP level 10. HP: 75/88 MP: 9/9
  7503 | D:8      | Noticed a catoblepas
  7510 | D:8      | Killed a catoblepas
  7511 | D:8      | Reached skill level 11 in Axes
  8397 | D:9      | Reached ***** piety under Trog
  8416 | D:9      | Reached skill level 1 in Short Blades
  8422 | D:9      | Found a staircase to the Orcish Mines.
  8492 | D:9      | Noticed a two-headed ogre
  8500 | D:9      | Reached skill level 10 in Shields
  8500 | D:9      | Killed a two-headed ogre
  8561 | D:9      | Found a flagged portal.
  8573 | Bailey   | Entered a bailey
  8765 | Bailey   | Reached skill level 12 in Axes
  9476 | D:9      | Gained mutation: You are frail. (-10% HP) [potion of
                  | mutation]
  9476 | D:9      | Gained mutation: You are very frail. (-20% HP) [potion of
                  | mutation]
  9476 | D:9      | Gained mutation: Your body sometimes deteriorates upon
                  | taking damage. [potion of mutation]
  9477 | D:9      | Lost mutation: Your body sometimes deteriorates upon taking
                  | damage. [potion of mutation]
  9477 | D:9      | Lost mutation: You are very frail. (-20% HP) [potion of
                  | mutation]
  9477 | D:9      | Gained mutation: You tend to lose your temper in combat.
                  | [potion of mutation]
  9477 | D:9      | Gained mutation: Your spells are a little easier to cast,
                  | but a little less powerful. [potion of mutation]
  9690 | D:9      | Reached XP level 11. HP: 63/87 MP: 10/10
  9919 | D:10     | Entered Level 10 of the Dungeon
  9921 | D:10     | Noticed a two-headed ogre
  9934 | D:10     | Killed a two-headed ogre
 10237 | D:10     | Reached skill level 5 in Short Blades
 10244 | D:10     | Received a gift from Trog
 10493 | D:10     | Found a staircase to the Lair.
 10565 | D:10     | Lost mutation: Your spells are a little easier to cast, but
                  | a little less powerful. [potion of mutation]
 10565 | D:10     | Lost mutation: You tend to lose your temper in combat.
                  | [potion of mutation]
 10565 | D:10     | Gained mutation: You occasionally shout uncontrollably at
                  | your foes. [potion of mutation]
 10797 | D:10     | Found Uvvisch's Jewellery Shop.
 10802 | D:10     | Bought an amulet of regeneration for 450 gold pieces
 11187 | D:11     | Noticed Joseph
 11197 | D:11     | Killed Joseph
 11198 | D:11     | Reached skill level 13 in Axes
 11303 | D:11     | Noticed Erica
 11303 | D:11     | Noticed Sonja
 11349 | D:10     | Killed Erica
 11446 | D:11     | Noticed Erolcha
 11560 | D:11     | Killed Erolcha
 11561 | D:11     | Reached skill level 10 in Fighting
 11561 | D:11     | Killed Sonja
 11632 | D:11     | Noticed a five-headed hydra
 11641 | D:11     | Killed a one-headed hydra
 11760 | D:11     | Reached XP level 12. HP: 95/95 MP: 11/11
 11789 | D:11     | Noticed Harold
 11798 | D:11     | Killed Harold
 12135 | D:11     | Reached skill level 10 in Armour
 12258 | D:12     | Reached skill level 14 in Axes
 12466 | D:12     | Found a shadowy altar of Dithmenos.
 12596 | D:12     | Noticed an eight-headed hydra
 12597 | D:12     | Mangled by a cyclops

Illustrated notes

Levels and vault maps discovered:
D:1:      lightli_arrival_quake, layout_loops_ring
D:2:      layout_loops_ring, st_stairs_6, minmay_tetromino_t4, uniq_robin
D:3:      layout_rooms, lemuel_coloured_pillars_altar,
          gammafunk_temple_overflow_wave, minivault_26,
          corexii_item_surrounded_by_moat
D:4:      layout_rooms, lemuel_crystal_altar, mainiacjoe_overflow_paths,
          dk_xom_monty_hall, minivault_4, uniq_menkaure
D:5:      layout_basic, cheibrodos_ashenzari_chains, minmay_temple_entry_grid,
          kennysheep_flooded_box
D:6:      layout_layer_cave, uniq_edmund
D:7:      layout_loops_ring, kennysheep_big_empty_room, minmay_shattered_shrine
D:8:      layout_gridville, grunt_ministairs_5, minmay_manual_mail
D:9:      layout_roguey, erik_orc_4, enter_bailey_5
D:10:     layout_small_grid, minmay_lair_entry_grove, serial_shops,
          kennysheep_little_box, chequers_serial_rivers_large_a
D:11:     layout_rooms, minmay_sticks_and_stones, uniq_erica, uniq_erolcha,
          uniq_harold, uniq_sonja
D:12:     minmay_triangles_in_corner, layout_long_grid,
          grunt_dithmenos_smoke_and_mirrors
Temple:   eino_wide_crystal_templ

Skill      XL: |  1  2  3  4  5  6  7  8  9 10 11 12 |
---------------+-------------------------------------+-----
Axes           | 4 5 6 7 9 10 12 13 14 | 14.5
Fighting       | 4 5 6 8 9 10 | 10.9
Armour         | 3 4 5 6 7 8 9 10 | 10.4
Dodging        | 3 4 |  4.0
Shields        | 2 4 6 8 10 12 13 | 13.3
Short Blades   | 4 7 8 |  8.6

Action                   |  1- 3 |  4- 6 |  7- 9 | 10-12 || total
-------------------------+-------+-------+-------+-------++-------
Melee: Hand axe          |    70 |   128 |    45 |       ||   243
       Dagger            |     2 |     9 |     9 |       ||    20
       Headbutt          |    11 |    24 |    69 |   116 ||   220
       Mace              |       |     4 |       |       ||     4
       War axe           |       |       |   130 |   358 ||   488
       Scimitar          |       |       |       |     9 ||     9
Throw: Boomerang         |       |     5 |       |       ||     5
       Dart              |       |       |       |     1 ||     1
Invok: Berserk           |     1 |     3 |     5 |    15 ||    24
       Trog's Hand       |       |       |     1 |       ||     1
Evoke: Wand              |       |       |       |     2 ||     2
  Use: Scroll            |       |       |     7 |     3 ||    10
       Potion            |       |       |       |     3 ||     3
 Stab: Sleeping          |     1 |       |       |       ||     1
Armor: Animal skin       |    10 |       |       |       ||    10
       Ring mail         |       |    27 |       |       ||    27
       Chain mail        |       |    26 |    70 |   103 ||   199
       Plate armour      |       |       |       |    10 ||    10
Dodge: Dodged            |    41 |    64 |    48 |   125 ||   278
Block: Tower shield      |       |    30 |   162 |   389 ||   581

Table legend: (Time is in decaauts)
 A = Elapsed time spent in this place.
 B = Non-inter-level travel time spent in this place.
 C = Inter-level travel time spent in this place.
 D = Time resting spent in this place.
 E = Time spent auto-exploring this place.
 F = Levels seen in this place.
 G = Mean time per level.
                   A        B        C        D        E       F      G
               +--------+--------+--------+--------+--------+-----+--------+
         Total |  13027 |  12468 |    559 |   3349 |   5185 |  14 |  930.5 |
       Dungeon |  12356 |  11818 |    538 |   3178 |   5026 |  12 | 1029.7 |
        Temple |     72 |     51 |     21 |      0 |     40 |   1 |   72.0 |
        Bailey |    599 |    599 |      0 |    170 |    119 |   1 |  599.0 |
               +--------+--------+--------+--------+--------+-----+--------+

Top non-repeatable levels by time:
    D:10: 1508 daAuts
     D:5: 1398 daAuts
     D:7: 1341 daAuts
     D:2: 1192 daAuts
     D:9: 1083 daAuts
     D:1: 1054 daAuts
     D:4: 920 daAuts
     D:3: 913 daAuts
     D:6: 861 daAuts
     D:8: 860 daAuts
    D:11: 756 daAuts
  Bailey: 599 daAuts
    D:12: 464 daAuts
  Temple: 72 daAuts
